 Dungeon Crawl Stone Soup version 0.27-a0-417-g317cea8a3c (webtiles) character file.

Game seed: 6489260510243223332

683 HoaS the Ruffian (level 7, 0/53 HPs)
             Began as a Demigod Gladiator on Feb 25, 2021.
             Slain by an ice beast (2 damage)
             ... on level 4 of the Dungeon.
             The game lasted 00:07:40 (5025 turns).

HoaS the Ruffian (Demigod Gladiator)                Turns: 5025, Time: 00:07:41

Health: 0/53       AC:  8    Str: 23    XL:     7   Next: 12%
Magic:  9/9        EV: 12    Int: 10    God:
Gold:   244        SH:  0    Dex: 15    Spells: 6/6 levels left

rFire    . . .     SeeInvis .     - Unarmed
rCold    . . .     Faith    .   (no shield)
rNeg     . . .     Spirit   .   j - +1 ring mail {Will+}
rPois    .         Reflect  .   b - +0 helmet
rElec    .         Harm     .   g - +0 cloak
rCorr    .         Rampage  .   (no gloves)
Will     +....                  (no boots)
Stlth    +.........             (no amulet)
HPRegen  0.17/turn              (no ring)
MPRegen  0.11/turn              (no ring)

@: no status effects
A: high mp 1
a: no special abilities


You were on level 4 of the Dungeon.
You visited 1 branch of the dungeon, and saw 4 of its levels.
You also visited: Sewer.

You collected 244 gold pieces.

Inventory:

Missiles
 a - 3 boomerangs
 c - 2 throwing nets (quivered)
 i - 5 poisoned darts
 l - a curare-tipped dart
Armour
 b - a +0 helmet (worn)
 g - a +0 cloak (worn)
 j - a +1 ring mail of willpower (worn)
 p - a +0 scale mail
Wands
 k - a wand of polymorph (5)
 o - a wand of random effects (19)
 r - a wand of charming (8)
Scrolls
 q - 2 scrolls of identify {unknown}
 t - a scroll of teleportation {unknown}
Potions
 d - a potion of cancellation {unknown}
 e - a potion of curing {unknown}
 f - a potion of mutation {unknown}
 h - a potion of brilliance {unknown}
 m - 2 potions of heal wounds {unknown}
 n - 2 potions of flight {unknown}
 s - a potion of ambrosia {unknown}
 u - a potion of attraction {unknown}


   Skills:
 - Level 1.7 Fighting
 - Level 1.7 Throwing
 - Level 2.6 Dodging
 + Level 7.9 Unarmed Combat


You had 6 spell levels left.
You didn't know any spells.
Your spell library was empty.

Dungeon Overview and Level Annotations

Branches:
Dungeon (4/15)              Sewer (visited)
 Temple: D:4-7

Shops:
D:4 =


Innate Abilities, Weirdness & Mutations

You have an increased reservoir of magic. (+10% MP)


Message History

P0werm0de's ghost barely misses you.
You hit p0werm0de's ghost but do no damage.
P0werm0de's ghost is almost destroyed.
P0werm0de's ghost hits you but does no damage.
You hit p0werm0de's ghost.
P0werm0de's ghost is almost destroyed.
You hit p0werm0de's ghost.
You destroy p0werm0de's ghost!
You have reached level 7!
You hit the ice beast.
The ice beast is lightly wounded.
The ice beast closely misses you.
You closely miss the ice beast.
The ice beast is lightly wounded.
The ice beast hits you but does no damage.
You hit the ice beast.
The ice beast is moderately wounded.
The ice beast hits you. The ice beast freezes you!
* * * LOW HITPOINT WARNING * * *
You punch the ice beast!
The ice beast is heavily wounded.
The ice beast hits you but does no damage.
You hit the ice beast but do no damage.
The ice beast is heavily wounded.
You closely miss the ice beast.
The ice beast is heavily wounded.
The ice beast hits you.
* * * LOW HITPOINT WARNING * * *
The ice beast freezes you!
* * * LOW HITPOINT WARNING * * *
You hit the ice beast.
The ice beast is severely wounded.
The ice beast closely misses you.
You barely miss the ice beast.
The ice beast is severely wounded.
The ice beast hits you but does no damage.
You hit the ice beast.
The ice beast is almost dead.
The ice beast hits you.
You die...

## #.......###'''###....##.#
#.##
####.###.............#.###.# #.#
.....# #........#.####.# #.# #.#
###..###.####.#...####.###.###.#
# #..>......#.#............>...#
# #...........#...#####.######.#
###........(..##Z......#.......#
...........^...#Y######.######.#
###.......###.##@# #.# #.#
#.......# #....# #.# #.#
#.......###.#### #.# #.#
#..#.###...## #.# #.#
#....>....## #######.# #.#
##.#.###### #.......# #.# #.#.#
#.#####.# #.# #.#.#### #.# #.#
#.# ####......#######.# #.# #.#


You could see an ice beast and a quokka simulacrum.

Vanquished Creatures
  2 ogres (D:4)
  The ghost of p0werm0de the Skirmisher, an amateur GrFi of Okawaru (D:4)
  A kobold brigand (Sewer)
  A hound (D:4)
  Jessica (D:3)
  An iguana (D:4)
  Natasha (D:4)
  A worker ant (D:4)
  A bullfrog simulacrum (D:4)
  3 gnolls
  6 adders
  3 river rats (Sewer)
  2 oozes
  An adder skeleton (D:4)
  4 worms
  9 leopard geckos
  3 orcs
  4 bats (D:2)
  10 giant cockroaches
  5 goblins
  6 hobgoblins
  4 jackals (D:2)
  7 kobolds
  3 quokkas
  2 ball pythons (D:3)
  4 frilled lizards
  A jackal simulacrum (D:4)
  A quokka skeleton (D:4)
  8 rats
96 creatures vanquished.

Notes
Turn   | Place    | Note
-------+----------+-------------------------------------------
     0 | D:1      | HoaS the Demigod Gladiator began the quest for the Orb.
     0 | D:1      | Reached XP level 1. HP: 17/17 MP: 3/3
   162 | D:1      | Reached skill level 3 in Unarmed Combat
   463 | D:1      | Reached XP level 2. HP: 22/24 MP: 4/4
  1395 | D:2      | Reached skill level 4 in Unarmed Combat
  1395 | D:2      | Reached XP level 3. HP: 23/29 MP: 5/5
  1635 | D:2      | Found a glowing silver altar of Zin.
  1827 | D:2      | Found a shimmering altar of Xom.
  1828 | D:2      | Found a burning altar of Makhleb.
  2433 | D:3      | Noticed Jessica
  2439 | D:3      | Killed Jessica
  2440 | D:3      | Reached XP level 4. HP: 36/36 MP: 6/6
  2459 | D:3      | Found a glowing drain.
  2498 | D:3      | Reached skill level 5 in Unarmed Combat
  2519 | Sewer    | Entered a sewer
  2899 | Sewer    | Noticed a kobold brigand
  2941 | Sewer    | Killed a kobold brigand
  2942 | Sewer    | Reached XP level 5. HP: 41/41 MP: 7/7
  2991 | Sewer    | Found a white marble altar of Elyvilon.
  3140 | D:3      | Reached skill level 6 in Unarmed Combat
  3837 | D:4      | Found a runed translucent gate.
  3837 | D:4      | Found a runed translucent gate.
  3839 | D:4      | Found a runed translucent gate.
  3856 | D:4      | Noticed an ogre
  4082 | D:4      | Killed an ogre
  4083 | D:4      | Reached XP level 6. HP: 48/48 MP: 8/8
  4187 | D:4      | Found Socism's Jewellery Emporium.
  4290 | D:4      | Found a broken altar of Ashenzari.
  4310 | D:4      | Reached skill level 7 in Unarmed Combat
  4711 | D:4      | Noticed p0werm0de's ghost (amateur GrFi)
  4745 | D:4      | Noticed Natasha
  4754 | D:4      | Killed Natasha
  5016 | D:4      | Killed p0werm0de's ghost
  5017 | D:4      | Reached XP level 7. HP: 22/53 MP: 9/9
  5022 | D:4      | HP: 1/53 [ice beast (7)]
  5025 | D:4      | Slain by an ice beast

Illustrated notes

Levels and vault maps discovered:
D:1:      lightli_molten_gateway, layout_basic, palyth_stone_intersect
D:2:      layout_loops_ring, gammafunk_temple_overflow_statue,
          nicolae_overflow_crystal_walls, dk_noncrumbling_3, grunt_ministairs_8
D:3:      layout_basic, gup_sewer_entry_glass, uniq_jessica
D:4:      layout_loops_ring, evilmike_ruin_ashenzari, serial_shops, shop,
          gammafunk_ghost_icy, uniq_natasha

Skill      XL: |  1  2  3  4  5  6 |
---------------+-------------------+-----
Unarmed Combat | 3 4 5 6 7 |  7.9
Fighting       | |  1.7
Throwing       | |  1.7
Dodging        | |  2.6

Action                   |  1- 3 |  4- 6 |  7- 9 || total
-------------------------+-------+-------+-------++-------
Melee: Unarmed           |   178 |   236 |     9 ||   423
       Punch             |     6 |     5 |       ||    11
Throw: Throwing net      |     2 |     3 |       ||     5
       Dart              |     1 |       |       ||     1
       Boomerang         |     1 |       |       ||     1
Evoke: Wand              |       |     1 |       ||     1
  Use: Scroll            |     2 |       |       ||     2
 Stab: Held in net/web   |     1 |     1 |       ||     2
Armor: Leather armour    |    13 |       |       ||    13
       Ring mail         |    42 |    62 |     3 ||   107
Dodge: Dodged            |    84 |   122 |     2 ||   208

Table legend: (Time is in decaauts)
 A = Elapsed time spent in this place.
 B = Non-inter-level travel time spent in this place.
 C = Inter-level travel time spent in this place.
 D = Time resting spent in this place.
 E = Time spent auto-exploring this place.
 F = Levels seen in this place.
 G = Mean time per level.
                   A        B        C        D        E       F      G
               +--------+--------+--------+--------+--------+-----+--------+
         Total |   5028 |   4885 |    143 |   1227 |   2728 |   5 | 1005.6 |
       Dungeon |   4474 |   4331 |    143 |    935 |   2571 |   4 | 1118.5 |
         Sewer |    554 |    554 |      0 |    292 |    157 |   1 |  554.0 |
               +--------+--------+--------+--------+--------+-----+--------+

Top non-repeatable levels by time:
     D:2: 1485 daAuts
     D:3: 1229 daAuts
     D:4: 972 daAuts
     D:1: 787 daAuts
   Sewer: 554 daAuts
